 Dungeon Crawl Stone Soup version 0.21-a0-140-g479285b (webtiles) character file.

4548 GuffPapp the Cleaver (level 10, -2/90 HPs)
             Began as a Minotaur Fighter on July 20, 2017.
             Was an Elder of Makhleb.
             Slain by a two-headed ogre
             ... wielding a +0 giant club
              (10 damage)
             ... on level 9 of the Dungeon.
             The game lasted 00:24:34 (5880 turns).

GuffPapp the Cleaver (Minotaur Fighter)             Turns: 5880, Time: 00:24:34

Health: -2/90      AC: 19    Str: 20 (21) XL:     10   Next: 17%
Magic:  9/9        EV: 13    Int:  5      God:    Makhleb [****..]
Gold:   7          SH:  0    Dex: 10 (11) Spells: 3/9 levels left

rFire    . . .     SeeInvis .   x - +4 scimitar
rCold    + . .     Gourm    .   (no shield)
rNeg     . . .     Faith    +   m - +4 ring mail {rC+}
rPois    .         Spirit   .   (helmet restricted)
rElec    .         Reflect  .   (no cloak)
rCorr    .         Harm     .   (no gloves)
MR       .....                  A - +2 pair of boots
Stlth    +.........             g - amulet of faith
HPRegen  0.25/turn              h - +3 ring of protection
MPRegen  0.11/turn              n - +1 ring of protection

@: no status effects
A: retaliatory headbutt, horns 2, yellow scales 1, deterioration 1, weak 1
a: Minor Destruction, Lesser Servant of Makhleb, Major Destruction, Renounce
Religion


You were on level 9 of the Dungeon.
You worshipped Makhleb.
Makhleb was greatly pleased with you.
You were not hungry.

You visited 1 branch of the dungeon, and saw 9 of its levels.

You collected 7 gold pieces.

Inventory:

Hand Weapons
 b - a +0 flail of protection
 c - a +1 hunting sling of velocity
 e - a +2 hand axe of electrocution
 o - a +0 long sword of draining
 x - a +4 scimitar (weapon)
 D - a +0 hand crossbow
 E - a +1 dagger of flaming
 F - a +4 scimitar of flaming
 G - a +0 shortbow
Missiles
 d - 33 sling bullets
 H - 32 arrows (quivered)
Armour
 m - a +4 ring mail of cold resistance (worn)
 A - a +2 pair of boots (worn)
Jewellery
 g - an amulet of faith (around neck)
 h - a +3 ring of protection (left hand)
 n - a +1 ring of protection (right hand)
Wands
 a - a wand of lightning (9/15)
 i - a wand of lightning (8/15)
 s - a wand of disintegration (12/24)
 w - a wand of digging (3/24)
 C - a wand of polymorph (14/24)
 I - a wand of polymorph (12/24)
 O - a wand of random effects (28/48)
 R - a wand of polymorph (4/24)
Scrolls
 k - 5 scrolls of remove curse
 r - a scroll of immolation
 v - 2 scrolls of teleportation
 y - a scroll of blinking
 N - a scroll of magic mapping
Potions
 j - a potion of haste
 p - 5 potions of flight
 q - a potion of lignification
 t - 2 potions of heal wounds
 u - 3 potions of agility
Books
 S - a book of Maledictions

   Spells                             Type                      Level
   a - Corona                         Hexes                        1
   b - Ensorcelled Hibernation        Hexes/Ice                    2
   c - Confuse                        Hexes                        3
   d - Tukima's Dance                 Hexes                        3
   e - Dazzling Spray                 Conjuration/Hexes            3
Comestibles
 f - a bread ration
 l - 2 meat rations
 z - 3 royal jellies


   Skills:
 + Level 8.7 Fighting
 + Level 1.4 Long Blades
 + Level 10.6 Axes
 + Level 3.9 Bows
 + Level 6.4 Armour
 + Level 5.9 Dodging
 + Level 2.9 Stealth
   Level 6.3 Shields
 + Level 0.3 Spellcasting
 + Level 0.2 Conjurations
 + Level 0.1 Translocations
 + Level 0.6 Evocations


You had 3 spell levels left.
You knew the following spells:

 Your Spells              Type           Power        Failure   Level  Hunger
a - Dazzling Spray        Conj/Hex       #.....       93%         3    ####...
b - Gell's Gravitas       Tloc           #.........   93%         3    ####...


Dungeon Overview and Level Annotations

Branches:
Dungeon (9/15)             Temple (0/1) D:7
   Lair: D:8-11         Orc: D:9-12

Altars:
Elyvilon
Makhleb
Trog
Uskayaw

Shops:
D:6 }   D:7 (}   D:9 (

Annotations:
D:8 Maurice


Innate Abilities, Weirdness & Mutations

You reflexively headbutt those who attack you in melee.
You have a pair of horns on your head.
You are partially covered in yellow scales. (AC +2)
Your body sometimes deteriorates upon taking damage.
You are weak. (Str -2)


Message History

The two-headed ogre is moderately wounded.
The two-headed ogre hits you but does no damage.
The two-headed ogre hits you with a giant club!
* * * LOW HITPOINT WARNING * * *
You completely miss the two-headed ogre.
The two-headed ogre is moderately wounded.
The two-headed ogre barely misses you. You furiously retaliate!
You headbutt the two-headed ogre, but do no damage.
The two-headed ogre barely misses you.
You hit the two-headed ogre but do no damage.
You headbutt the two-headed ogre!
The two-headed ogre is heavily wounded.
The two-headed ogre hits you but does no damage.
The two-headed ogre misses you.
You slice the two-headed ogre!!
The two-headed ogre is almost dead.
The two-headed ogre hits you with a giant club!
* * * LOW HITPOINT WARNING * * *
The two-headed ogre hits you with a giant club!
You die...

#....8......###
#..8.8......# ###
#...........# ...
#...........# ....
#.#########.#.....
#.#.......###.....
#.#'##..........#
###....#..........#
#...⌠.⌠#....@O....#
#....∩.#..........#
#...⌠.⌠#..........#
#......#..........#
#......#########....
#....... ....
#........ ###
....##### .....


You could see a two-headed ogre.

Vanquished Creatures
  Erica (D:8)
  A two-headed ogre (D:9)
  Joseph (D:8)
  A hungry ghost (D:7)
  A water moccasin (D:6)
  2 orc warriors
  A sky beast (D:6)
  2 necrophages (D:7)
  2 ogres
  2 centaurs
  A big kobold (D:8)
  5 bullfrogs
  5 wights (D:8)
  6 crimson imps
  5 hounds
  2 bullfrog zombies
  8 orc wizards
  5 orc priests
  A bullfrog skeleton (D:4)
  2 jellies (D:5)
  A centaur skeleton (D:8)
  2 iguanas
  Natasha (thrice) (D:3)
  Ijyb (D:5)
  2 worker ants
  A killer bee zombie (D:7)
  A hound skeleton (D:8)
  2 howler monkey zombies
  7 adders
  A howler monkey skeleton (D:6)
  3 shadow imps
  An ooze (D:3)
  An adder skeleton (D:7)
  3 worms
  3 dart slugs
  7 leopard geckos
  23 orcs
  2 giant cockroaches
  5 goblins
  6 hobgoblins
  4 jackals (D:5)
  2 quokkas
  A ball python zombie (D:6)
  5 bats
  3 frilled lizards
  8 kobolds
  2 leopard gecko zombies
  A quokka skeleton (D:7)
  3 rats (D:2)
  A withered plant (D:9)
159 creatures vanquished.

Vanquished Creatures (others)
  An orc (D:5)
1 creature vanquished.

Grand Total: 160 creatures vanquished

Notes
Turn   | Place    | Note
-------+----------+-------------------------------------------
     0 | D:1      | GuffPapp the Minotaur Fighter began the quest for the Orb.
     0 | D:1      | Reached XP level 1. HP: 19/19 MP: 0/0
   177 | D:1      | Reached XP level 2. HP: 24/27 MP: 1/1
  1073 | D:2      | Reached XP level 3. HP: 33/33 MP: 2/2
  1186 | D:2      | Reached skill level 3 in Axes
  1400 | D:3      | Noticed Natasha
  1411 | D:3      | Killed Natasha
  1411 | D:3      | Reached XP level 4. HP: 35/41 MP: 3/3
  1439 | D:3      | Reached skill level 1 in Dodging
  1455 | D:3      | Noticed Natasha
  1474 | D:3      | Killed Natasha
  1567 | D:3      | Noticed Natasha
  1577 | D:3      | Killed Natasha
  1577 | D:3      | Reached XP level 5. HP: 40/47 MP: 4/4
  2014 | D:3      | Reached skill level 5 in Shields
  2210 | D:4      | Reached skill level 4 in Axes
  2427 | D:4      | Found a burning altar of Makhleb.
  2452 | D:4      | Noticed a cacodemon
  2456 | D:4      | Noticed a smoke demon
  2456 | D:4      | Noticed an orange demon
  2458 | D:4      | Became a worshipper of Makhleb the Destroyer
  2488 | D:4      | Reached XP level 6. HP: 55/55 MP: 5/5
  2557 | D:5      | Entered Level 5 of the Dungeon
  2574 | D:5      | Reached skill level 5 in Axes
  2681 | D:5      | Reached skill level 5 in Fighting
  2904 | D:5      | Reached * piety under Makhleb
  2917 | D:5      | Reached skill level 6 in Axes
  2917 | D:5      | Reached XP level 7. HP: 60/61 MP: 6/6
  2928 | D:5      | Noticed Ijyb
  2937 | D:5      | Reached skill level 5 in Armour
  2938 | D:5      | Killed Ijyb
  3362 | D:6      | Reached skill level 7 in Axes
  3452 | D:6      | Reached XP level 8. HP: 41/70 MP: 7/7
  3457 | D:6      | Gained mutation: Your body sometimes deteriorates upon taking damage. [potion of mutation]
  3457 | D:6      | Gained mutation: Your magical capacity is low. (-10% MP) [potion of mutation]
  3457 | D:6      | Gained mutation: Your muscles are strong. (Str +2) [potion of mutation]
  3463 | D:6      | Reached ** piety under Makhleb
  3597 | D:6      | Reached skill level 8 in Axes
  3606 | D:6      | Found Hozoh's Gadget Emporium.
  3633 | D:6      | Reached skill level 1 in Stealth
  3880 | D:6      | Lost mutation: Your magical capacity is low. (-10% MP) [potion of mutation]
  3880 | D:6      | Lost mutation: Your muscles are strong. (Str +2) [potion of mutation]
  3880 | D:6      | Gained mutation: You are weak. (Str -2) [potion of mutation]
  3880 | D:6      | Gained mutation: You are partially covered in yellow scales. (AC +2) [potion of mutation]
  4030 | D:7      | Found Xenk's Weapon Emporium.
  4063 | D:7      | Reached skill level 9 in Axes
  4094 | D:7      | Reached XP level 9. HP: 44/79 MP: 8/8
  4144 | D:7      | Found Yrhado's Gadget Emporium.
  4173 | D:7      | Found a bloodstained altar of Trog.
  4264 | D:7      | Found a white marble altar of Elyvilon.
  4350 | D:7      | Found a staircase to the Ecumenical Temple.
  4383 | D:7      | Reached *** piety under Makhleb
  4836 | D:8      | Learned a level 3 spell: Dazzling Spray
  5017 | D:8      | Noticed Joseph
  5029 | D:8      | Reached skill level 10 in Axes
  5048 | D:8      | Killed Joseph
  5048 | D:8      | Reached skill level 1 in Bows
  5048 | D:8      | Reached skill level 5 in Dodging
  5450 | D:8      | Learned a level 3 spell: Gell's Gravitas
  5554 | D:8      | Noticed Maurice
  5555 | D:8      | Noticed Erica
  5565 | D:8      | Killed Erica
  5565 | D:8      | Reached XP level 10. HP: 57/88 MP: 9/9
  5731 | D:9      | Noticed a two-headed ogre
  5738 | D:9      | Killed a two-headed ogre
  5738 | D:9      | Reached skill level 1 in Long Blades
  5769 | D:9      | Reached **** piety under Makhleb
  5780 | D:9      | Found a hide-covered altar of Uskayaw.
  5855 | D:9      | Found Deanintus's Weapon Boutique.
  5870 | D:9      | Noticed a two-headed ogre
  5880 | D:9      | Slain by a two-headed ogre

Vault maps used:
D:1:      minmay_arrival_glassed_features, minmay_statues_item
D:2:      first_bread
D:3:      uniq_natasha
D:4:      makhleb_altar_promises_db
D:5:      minmay_misc_feat_x, lemuel_flamethrower_1, uniq_ijyb
D:6:      serial_shops, nicolae_shop_window_shopping
D:7:      marbit_many_paths, bloody_trog, minmay_temple_entry_statues_pillars,
          serial_shops, kennysheep_little_box, nicolae_shop_statue_plus
D:8:      uniq_maurice, uniq_joseph, uniq_erica
D:9:      overflow_temple_1_default, lemuel_doored_altar,
          lemuel_coloured_pillars_altar, minmay_lair_entry_grove, serial_shops,
          shop_fountains, serial_undead, serial_undead_e, serial_undead_e,
          serial_undead_a, serial_undead_c, the_bakery

Skill      XL: |  1  2  3  4  5  6  7  8  9 10 |
---------------+-------------------------------+-----
Fighting       | 4 5 7 8 |  8.7
Shields        | 4 5 6 |  6.3
Axes           | 3 4 6 7 9 10 | 10.6
Armour         | 4 5 6 |  6.4
Dodging        | 1 2 4 5 |  5.9
Stealth        | 1 2 |  2.9
Bows           | 3 |  3.9
Long Blades    | 1 |  1.4
Spellcasting   | |  0.3
Conjurations   | |  0.2
Translocations | |  0.1
Evocations     | |  0.6

Action                   |  1- 3 |  4- 6 |  7- 9 | 10-12 || total
-------------------------+-------+-------+-------+-------++-------
Melee: War axe           |    77 |    76 |       |       ||   153
       Headbutt          |    13 |    16 |    31 |    13 ||    73
       Hand axe          |       |    46 |   148 |       ||   194
       Long sword        |       |       |    26 |     9 ||    35
       Scimitar          |       |       |       |    19 ||    19
 Fire: Shortbow          |       |       |    16 |       ||    16
Evoke: Wand              |       |     2 |       |       ||     2
  Use: Scroll            |     2 |    16 |     6 |     2 ||    26
       Potion            |       |       |    11 |     1 ||    12
 Stab: Invisible         |       |       |     3 |       ||     3
  Eat: Bread ration      |     1 |       |     2 |       ||     3
       Chunk             |       |     2 |       |       ||     2
       Royal jelly       |       |     1 |       |       ||     1
       Meat ration       |       |       |     1 |       ||     1
Armor: Scale mail        |    50 |    58 |     5 |       ||   113
       Leather armour    |       |       |    53 |       ||    53
       Skin              |       |       |     3 |       ||     3
       Ring mail         |       |       |    25 |    26 ||    51
Dodge: Dodged            |    30 |    37 |   128 |    18 ||   213
Block: Shield            |    48 |    59 |    20 |       ||   127
       Rpst.: Long sword |       |       |     8 |     1 ||     9
       Scimitar          |       |       |       |     2 ||     2
